 Dungeon Crawl Stone Soup version 0.31-a0-229-g1fc7ce93e2 (webtiles) character file.

Game seed: 704165306931673136

294 qw the Shooter (level 6, -3/37 HPs)
             Began as a Gargoyle Hexslinger on July 6, 2023.
             Was an Initiate of Okawaru.
             Frozen to death by an endoplasm (4 damage)
             ... on level 3 of the Dungeon.
             The game lasted 00:01:27 (2563 turns).

qw the Shooter (Gargoyle Hexslinger)                Turns: 2563, Time: 00:01:28

Health: -3/37      AC:  8    Str: 11    XL:     6   Next: 34%
Magic:  7/7        EV: 11    Int: 14    God:    Okawaru [......]
Gold:   185        SH:  0    Dex: 14    Spells: 6/7 levels left

rFire   . . .        Y - +1 sling
rCold   . . .        (no shield)
rNeg    + . .        e - +0 leather armour
rPois   inf          (no helmet)
rElec   +            (no cloak)
rCorr   .            (no gloves)
SInv    .            a - +0 pair of boots
Will    .....        (no amulet)
Stlth   +            (no ring)
HPRegen 0.26/turn    (no ring)
MPRegen 0.10/turn

%: no passive effects
@: no status effects
A: sickness immunity, AC +4, negative energy resistance 1, electricity
resistance, torment resistance 1, petrification resistance
a: Renounce Religion


You were on level 3 of the Dungeon.
You worshipped Okawaru.
Okawaru was noncommittal.
You visited 1 branch of the dungeon, and saw 3 of its levels.

You collected 185 gold pieces.


Innate Abilities, Weirdness & Mutations

You are immune to sickness and miasma.
Your stone body is resilient. (AC +4)
You are immune to poison.
You resist negative energy. (rN+)
You are resistant to electric shocks. (rElec)
You are resistant to unholy torment.
You are immune to petrification.


   Skills:
 - Level 3.0 Fighting
 + Level 5.9 Ranged Weapons
 - Level 1.5 Dodging
 - Level 1.0 Spellcasting
 - Level 2.6 Hexes


You had 6 spell levels left.
You knew the following spells:

 Your Spells              Type           Power      Damage    Failure   Level
a - Slow                  Hex            32%        N/A       12%         1

Your spell library contained the following spells:

 Spells                   Type           Power      Damage    Failure   Level
 Inner Flame              Hex/Fire       4%         N/A       52%         3
 Portal Projectile        Hex/Tloc       8%         N/A       52%         3
 Cause Fear               Hex            4%         N/A       75%         4

Inventory:

Hand Weapons
 Y - a +1 sling (weapon)
Armour
 a - a +0 pair of boots (worn)
 e - a +0 leather armour (worn)
Jewellery
 c - a ring of willpower
 j - a +4 ring of protection
Scrolls
 i - a scroll of identify
 k - a scroll of summoning {unknown}
 l - a scroll of enchant weapon {unknown}
Potions
 b - a potion of heal wounds {unknown}
 d - a potion of enlightenment {unknown}
 f - a potion of degeneration {unknown}
 g - a potion of attraction {unknown}
 h - a potion of mutation {unknown}

Dungeon Overview and Level Annotations

Branches:
Dungeon (3/15)

Altars:
Okawaru


Message History

You shoot a sling bullet.
The sling bullet completely misses the jelly.
The endoplasm hits you but does no damage.
The endoplasm completely misses you. The jelly barely misses you.
You shoot a sling bullet.
The sling bullet hits the jelly but does no damage.
The jelly is moderately wounded.
The endoplasm closely misses you.
The endoplasm hits you but does no damage.
The jelly hits you but does no damage.
You shoot a sling bullet. The sling bullet hits the jelly.
The jelly is heavily wounded.
The endoplasm hits you but does no damage.
The endoplasm barely misses you.
The jelly hits you but does no damage. x2
The endoplasm hits you but does no damage. x2
You shoot a sling bullet. The sling bullet hits the jelly.
The jelly is heavily wounded.
The jelly hits you but does no damage. The endoplasm freezes you.
You are frozen.
The endoplasm hits you.
You shoot a sling bullet. The sling bullet hits the jelly.
The jelly is severely wounded.
The endoplasm freezes you.
You are frozen.
The endoplasm freezes you.
You are frozen.
The jelly closely misses you.
You shoot a sling bullet. The sling bullet hits the jelly!
You kill the jelly!
Okawaru accepts your kill. The endoplasm closely misses you.
The endoplasm hits you but does no damage.
You shoot a sling bullet. The sling bullet hits the endoplasm.
The endoplasm is lightly wounded.
The endoplasm freezes you.
You are frozen.
The endoplasm barely misses you. x2
You shoot a sling bullet. The sling bullet hits the endoplasm.
The endoplasm is almost dead.
The endoplasm freezes you.
You are frozen.
You die...

..#.# ### #...##### ..%.#
#######.##..%..!##....#.).
..######....#.#)#P.PP.P##...##.##
..##.##.....#.#.#......###..##:#.
..##))......#'#.#..PP.P##...##.#.
#....).....)).#.#......##.......<
####))........#.#..P.P.###.###.##
#.##.......#.#JJ%...# #.# #.##
#####......##@JJ.PPP# #.# #...
##########J.....# #.# ####
####### #.# ### ###########.#
##.###...........#
#......###.####..## ######
#..........# ##...##### .....#
#.##.....#####.....#... ####.#
#.##.....# #......##.##


You could see 5 endoplasms.

Vanquished Creatures
  An orc priest (D:3)
  2 jellies (D:3)
  Jessica (D:3)
  A gnoll (D:1)
  6 adders
  2 river rats (D:3)
  A worm (D:2)
  A dart slug (D:1)
  3 orcs (D:3)
  7 ball pythons
  6 endoplasms
  4 giant cockroaches
  8 goblins
  5 hobgoblins
  7 jackals (D:1)
  2 quokkas (D:3)
  8 bats
  5 frilled lizards
  14 kobolds
  8 rats
92 creatures vanquished.

Notes
Turn   | Place    | Note
-------+----------+-------------------------------------------
     0 | D:1      | qw the Gargoyle Hexslinger began the quest for the Orb.
     0 | D:1      | Reached XP level 1. HP: 12/12 MP: 2/2
     0 | D:1      | 0 ||| qw: Version: 0.3-a-46-gb1f654a
     0 | D:1      | 0 ||| qw: Game counter: 1494
     0 | D:1      | 0 ||| qw: Melee chars always use a shield: true
     0 | D:1      | 0 ||| qw: God list: Okawaru
     0 | D:1      | 0 ||| qw: Allow faded altars: false
     0 | D:1      | 0 ||| qw: Do Orc after clearing Dungeon:15 true
     0 | D:1      | 0 ||| qw: Do second Lair branch before Depths: true
     0 | D:1      | 0 ||| qw: Lair rune preference: random
     0 | D:1      | 0 ||| qw: Goals: Normal
     0 | D:1      | 0 ||| PLANNING D:1-11
    23 | D:1      | Reached XP level 2. HP: 16/16 MP: 3/3
    64 | D:1      | Reached skill level 3 in Ranged Weapons
    64 | D:1      | 64 ||| FLEEEEING.
    65 | D:1      | 65 ||| FLEEEEING.
    66 | D:1      | 66 ||| FLEEEEING.
    67 | D:1      | 67 ||| FLEEEEING.
    68 | D:1      | 68 ||| FLEEEEING.
    69 | D:1      | 69 ||| FLEEEEING.
    70 | D:1      | 70 ||| FLEEEEING.
    71 | D:1      | 71 ||| FLEEEEING.
    72 | D:1      | 72 ||| FLEEEEING.
    73 | D:1      | 73 ||| FLEEEEING.
    74 | D:1      | 74 ||| FLEEEEING.
    75 | D:1      | 75 ||| FLEEEEING.
    76 | D:1      | 76 ||| FLEEEEING.
    77 | D:1      | 77 ||| FLEEEEING.
    78 | D:1      | 78 ||| FLEEEEING.
    79 | D:1      | 79 ||| FLEEEEING.
    80 | D:1      | 80 ||| FLEEEEING.
    81 | D:1      | 81 ||| FLEEEEING.
   130 | D:1      | Reached XP level 3. HP: 20/20 MP: 4/4
   185 | D:1      | 185 ||| DROPPING scroll of poison.
   191 | D:1      | 191 ||| Stepping ~*~*~tactically~*~*~ (water).
   758 | D:1      | 758 ||| UPGRADING to +0 leather armour.
   768 | D:1      | 768 ||| DROPPING +0 robe.
   769 | D:1      | 769 ||| READING scroll labelled CEIGHU YTEONERU.
   770 | D:1      | 770 ||| READING scroll labelled XIUHOA MUFEST.
   914 | D:2      | Found an iron altar of Okawaru.
   915 | D:2      | 915 ||| PLANNING OKAWARU WORSHIP
   915 | D:2      | 915 ||| UPGRADING to +0 pair of boots.
   932 | D:2      | Reached XP level 4. HP: 26/26 MP: 5/5
   936 | D:2      | Became a worshipper of Warmaster Okawaru
   937 | D:2      | 937 ||| PLANNING D:1-11
  1097 | D:2      | Reached skill level 4 in Ranged Weapons
  1511 | D:2      | 1511 ||| READING scroll labelled PYD XOELULAOGE.
  1512 | D:2      | 1512 ||| READING scroll labelled VEPLURAILY.
  1516 | D:2      | 1516 ||| READING scroll labelled LOPSOM ATH.
  1517 | D:2      | 1517 ||| READING scroll labelled DAAFEV FIOPA.
  1577 | D:3      | 1577 ||| PLANNING SEWER
  1734 | D:3      | Reached XP level 5. HP: 14/30 MP: 6/6
  1738 | D:3      | Reached skill level 5 in Ranged Weapons
  2004 | D:3      | Noticed Jessica
  2007 | D:3      | 2007 ||| FLEEEEING.
  2008 | D:3      | 2008 ||| FLEEEEING.
  2009 | D:3      | 2009 ||| FLEEEEING.
  2010 | D:3      | 2010 ||| FLEEEEING.
  2011 | D:3      | 2011 ||| FLEEEEING.
  2012 | D:3      | 2012 ||| FLEEEEING.
  2013 | D:3      | 2013 ||| FLEEEEING.
  2014 | D:3      | 2014 ||| FLEEEEING.
  2015 | D:3      | 2015 ||| FLEEEEING.
  2016 | D:3      | 2016 ||| FLEEEEING.
  2017 | D:3      | 2017 ||| FLEEEEING.
  2018 | D:3      | 2018 ||| FLEEEEING.
  2019 | D:3      | 2019 ||| FLEEEEING.
  2020 | D:3      | 2020 ||| FLEEEEING.
  2021 | D:3      | 2021 ||| FLEEEEING.
  2022 | D:3      | 2022 ||| FLEEEEING.
  2032 | D:3      | Killed Jessica
  2033 | D:3      | Reached skill level 3 in Fighting
  2214 | D:3      | 2214 ||| RIP SEWER
  2218 | D:3      | 2218 ||| PLANNING D:1-11
  2404 | D:3      | Reached XP level 6. HP: 37/37 MP: 7/7
  2560 | D:3      | HP: 5/37 [frozen (5)]
  2562 | D:3      | HP: 1/37 [frozen (4)]
  2563 | D:3      | Frozen to death by an endoplasm

Levels and vault maps discovered:
D:1:      roderic_crossed_star, layout_rooms, st_stairs_4,
          corexii_item_surrounded_by_moat, chequers_decorated_corner,
          chequers_big_river, minmay_tetromino_l4
D:2:      layout_loops_ring, basic_altar, minmay_tree_intersection
D:3:      cheibrodos_fertilizer, layout_loops_corners,
          kennysheep_orc_sif_temple, portal_sewer_entry_e,
          kennysheep_jessica_study

Skill      XL: |  1  2  3  4  5 |
---------------+----------------+-----
Ranged Weapons | 3 4 5 |  5.9
Fighting       | 2 3 |  3.0
Dodging        | |  1.5
Spellcasting   | |  1.0
Hexes          | |  2.6

Action                     |  1- 3 |  4- 6 || total
---------------------------+-------+-------++-------
  Melee: Unarmed           |       |     4 ||     4
   Fire: Sling             |   149 |   218 ||   367
    Use: Scroll            |     2 |     4 ||     6
 Armour: Robe              |    21 |       ||    21
         Leather armour    |     4 |    89 ||    93
         Skin              |       |     5 ||     5
  Dodge: Dodged            |    53 |   114 ||   167

Table legend:
 A = Non-vault XP
 B = Vault XP
 C = Vault XP percentage of total XP
 D = Non-vault monster count
 E = Vault monster count
 F = Vault count percentage of total count
                 A         B        C        D         E       F
            +---------+---------+-------+---------+---------+-------
      Total |     225 |     196 |  46.6 |      66 |      26 |  28.3
            +---------+---------+-------+---------+---------+-------
        D:1 |      63 |      10 |  13.7 |      31 |       6 |  16.2
        D:2 |      67 |       0 |   0.0 |      17 |       0 |   0.0
        D:3 |      95 |     186 |  66.2 |      18 |      20 |  52.6
            +---------+---------+-------+---------+---------+-------
